 Dungeon Crawl Stone Soup version 0.19.1 (webtiles) character file.

133 sal the Skirmisher (level 5, 0/55 HPs)
             Began as an Ogre Fighter on Dec 12, 2016.
             Slain by a gnoll
             ... wielding a +0 flail
              (9 damage)
             ... on level 3 of the Dungeon.
             The game lasted 00:11:34 (1625 turns).

sal the Skirmisher (Ogre Fighter)                   Turns: 1625, Time: 00:11:35

Health: 0/55       AC:  6    Str: 20 (22) XL:     5   Next: 16%
Magic:  5/5        EV:  8    Int:  7      God:    Xom [..*...]
Gold:   116        SH:  8    Dex:  9      Spells: 0 memorised, 4 levels left

rFire  . . .     SeeInvis .     a - +0 war axe
rCold  . . .     Gourm    .     b - +1 robe
rNeg   . . .     Faith    .     c - +0 shield
rPois  .         Spirit   .     (helmet restricted)
rElec  .         Reflect  .     (no cloak)
rCorr  .         Harm     .     (gloves unavailable)
MR     .....                    (boots unavailable)
Stlth  +.........               (no amulet)
                                (no ring)
                                (no ring)

@: no status effects
A: unfitting armour, yellow scales 1, deterioration 1, tough skin 1
a: Renounce Religion


You were on level 3 of the Dungeon.
You worshipped Xom.
You were a toy of Xom.
You were not hungry.

You visited 1 branch of the dungeon, and saw 3 of its levels.

You collected 116 gold pieces.

Inventory:

Hand Weapons
 a - a +0 war axe (weapon)
 e - a cursed -3 mace
 j - a +0 hunting sling
 l - a +0 dire flail
 n - a +0 trident
Missiles
 g - 44 stones (quivered)
 i - 13 arrows
 m - 4 javelins
 q - 27 sling bullets
 s - 2 tomahawks
Armour
 b - a +1 robe (worn)
 c - a +0 shield (worn)
 o - a +0 robe
Wands
 r - a wand of paralysis (12/24)
Scrolls
 t - a scroll of identify
Potions
 d - a potion of might
 h - a potion of magic
 p - a potion of flight
Comestibles
 f - a bread ration
 k - 2 meat rations


   Skills:
 + Level 4.8 Fighting
 + Level 2.7 Axes
 + Level 3.0 Dodging
 + Level 0.4 Stealth
 + Level 3.3 Shields


You had 4 spell levels left.
You didn't know any spells.

Dungeon Overview and Level Annotations

Branches:
Dungeon (3/15)

Altars:
Gozag
Xom


Innate Abilities, Weirdness & Mutations

You are too large for most types of armour.
You have tough skin. (AC +1)
You are partially covered in yellow scales. (AC +2)
Your body sometimes deteriorates upon taking damage.


Message History

A gnoll comes into view. It is wielding a spear.
The gnoll shouts!
Found 8 arrows.
The gnoll closely misses you.
The gnoll shouts!
You slash the gnoll!
You kill the gnoll!
The gnoll hits you with a flail!
You hit the gnoll but do no damage.
The gnoll hits you from afar with a spear.
Your body deteriorates!
You feel weakened. The gnoll hits you with a flail!
You block the gnoll's attack.
You barely miss the gnoll. The gnoll hits you with a flail!
* * * LOW HITPOINT WARNING * * *
The gnoll hits you from afar with a spear.
* * * LOW HITPOINT WARNING * * *
You slash the gnoll!
The gnoll is heavily wounded.
The gnoll closely misses you. The gnoll hits you with a flail!
You die...

# .. ... .... ..... #######g...(.
#####....@gg.<...
#......########## #......# #####
#......# #...#
########......##########...######
............[.............>......
######.#......#.....####...#####.
#...##.#............# #...# ##
#...##.#......#.....# #...# #.


You could see 3 gnolls.

Vanquished Creatures
  Terence (D:3)
  A gnoll (D:3)
  4 adders
  An ooze (D:2)
  A dart slug (D:2)
  A leopard gecko (D:3)
  7 orcs (D:3)
  A ball python (D:3)
  2 giant cockroaches
  3 goblins
  5 hobgoblins (D:1)
  2 quokkas (D:3)
  5 bats
  4 frilled lizards (D:2)
  8 kobolds
  3 rats
49 creatures vanquished.

Notes
Turn   | Place    | Note
-------+----------+-------------------------------------------
     0 | D:1      | sal the Ogre Fighter began the quest for the Orb.
     0 | D:1      | Reached XP level 1. HP: 24/24 MP: 1/1
   246 | D:1      | Reached XP level 2. HP: 31/32 MP: 2/2
   442 | D:2      | Reached XP level 3. HP: 16/40 MP: 3/3
  1002 | D:2      | Found an opulent altar of Gozag.
  1145 | D:3      | Reached XP level 4. HP: 34/49 MP: 4/4
  1155 | D:3      | Noticed Terence
  1167 | D:3      | Killed Terence
  1177 | D:3      | Gained mutation: You are partially covered in yellow scales. (AC +2) [potion of mutation]
  1177 | D:3      | Gained mutation: Your body sometimes deteriorates upon taking damage. [potion of mutation]
  1344 | D:3      | Found a shimmering altar of Xom.
  1345 | D:3      | Found a shimmering altar of Xom.
  1346 | D:3      | Found a shimmering altar of Xom.
  1348 | D:3      | Found a shimmering altar of Xom.
  1348 | D:3      | Found a shimmering altar of Xom.
  1349 | D:3      | Found a shimmering altar of Xom.
  1350 | D:3      | Found a shimmering altar of Xom.
  1351 | D:3      | Found a shimmering altar of Xom.
  1352 | D:3      | Found a shimmering altar of Xom.
  1352 | D:3      | Found a shimmering altar of Xom.
  1352 | D:3      | Found a shimmering altar of Xom.
  1357 | D:3      | Became a worshipper of Xom of Chaos
  1437 | D:3      | Reached XP level 5. HP: 21/55 MP: 5/5
  1625 | D:3      | Slain by a gnoll

Skill      XL: |  1  2  3  4 |
---------------+-------------+-----
Shields        | 3 |  3.3
Axes           | 2 |  2.7
Dodging        | 3 |  3.0
Fighting       | |  4.8
Stealth        | |  0.4

Action                   |  1- 3 |  4- 6 || total
-------------------------+-------+-------++-------
Melee: War axe           |    98 |    54 ||   152
  Use: Scroll            |     3 |       ||     3
       Potion            |     4 |     2 ||     6
 Stab: Sleeping          |     1 |       ||     1
  Eat: Bread ration      |       |     1 ||     1
Armor: Robe              |    43 |    11 ||    54
Dodge: Dodged            |    47 |    16 ||    63
Block: Shield            |    69 |    21 ||    90
